Map: Terraform LE (Void)

Players

YiaNN - Winner!

  • Race: Protoss Protoss
  • League: Grandmaster

wabbajack

  • Race: Zerg Zerg
  • League: Gold

VOD

Have the link to the VOD?

Description

Time

  • Played on: July 17, 2015, 12:49 p.m.
  • Length: 9:14
Show
View Real Time Build Order
Export as new Build Order

YiaNN Protoss - Winner!

Build Orders: Forge Fast Expand (FFE) 

Get SALT Encoding   

  12  0:13  Probe  
  13  0:16  Pylon  
  13  0:25  Probe  
  14  0:39  Probe  
  14  0:40  Forge  
  15  0:46  Pylon  
  15  0:51  Probe (Chrono Boost)  
  16  1:04  Probe (Chrono Boost)  
  17  1:11  Probe (Chrono Boost)  
  18  1:29  Nexus  
  18  1:43  Pylon  
  18  1:44  Pylon  
  18  2:03  Photon Cannon  
  18  2:08  Photon Cannon  
  18  2:14  Photon Cannon  
  18  2:21  Gateway  
  18  2:35  Pylon  
  18  2:44  Gateway  
  18  2:48  Probe (Chrono Boost)  
  18  2:49  Probe (Chrono Boost)  
  19  3:00  Probe (Chrono Boost)  
  19  3:01  Probe (Chrono Boost)  
  19  3:02  Assimilator  
  21  3:06  Assimilator  
  21  3:08  Probe (Chrono Boost)  
  21  3:10  Probe (Chrono Boost)  
  23  3:15  Cybernetics Core  
  23  3:20  Probe (Chrono Boost)  
  23  3:23  Probe (Chrono Boost)  
  25  3:30  Probe (Chrono Boost)  
  25  3:32  Probe (Chrono Boost)  
  27  3:37  Probe (Chrono Boost)  
  29  3:46  Probe (Chrono Boost)  
  29  3:48  Probe (Chrono Boost)  
  30  3:52  Adept (Chrono Boost)  
  30  3:53  Probe (Chrono Boost)  
  30  3:54  Probe (Chrono Boost)  
  30  3:55  Warp Gate  
  34  4:05  Probe (Chrono Boost), Robotics Facility  
  34  4:06  Probe (Chrono Boost)  
  36  4:12  Adept  
  40  4:17  Probe (Chrono Boost)  
  40  4:18  Probe (Chrono Boost)  
  41  4:24  Probe x2 (Chrono Boost)  
  41  4:25  Assimilator  
  41  4:29  Assimilator  
  42  4:35  Probe (Chrono Boost)  
  44  4:40  Probe (Chrono Boost)  
  44  4:41  Pylon  
  46  4:48  Probe  
  47  4:53  Immortal (Chrono Boost)  
  47  4:56  Sentry  
  51  5:08  Probe x2  
  51  5:14  Photon Cannon  
  51  5:18  Photon Cannon  
  51  5:19  Pylon  
  51  5:20  Probe  
  52  5:23  Sentry  
  52  5:25  Immortal (Chrono Boost)  
  58  5:32  Gateway  
  58  5:34  Gateway  
  58  5:36  Gateway  
  58  5:50  Immortal (Chrono Boost)  
  58  5:51  Pylon  
  58  5:54  Pylon  
  60  6:01  Protoss Ground Weapons Level 1  
  60  6:05  Pylon  
  60  6:11  Pylon  
  60  6:12  Probe  
  60  6:15  Probe  
  62  6:28  Nexus  
  62  6:30  Pylon  
  62  6:31  Immortal (Chrono Boost)  
  64  6:42  Assimilator  
  64  6:47  Sentry x4, Assimilator  
  61  7:01  Pylon  
  46  7:09  Immortal (Chrono Boost)  
  46  7:10  Probe x2  
  46  7:14  Pylon  
  46  7:22  Probe x2  
  48  7:34  Probe x2  
  50  7:41  Probe  
  50  7:43  Sentry  
  50  7:44  Sentry x3  
  57  7:46  Probe  
  60  7:52  Probe (Chrono Boost)  
  60  7:55  Probe (Chrono Boost)  
  63  7:58  Probe (Chrono Boost)  
  63  8:04  Probe (Chrono Boost)  
  65  8:06  Probe (Chrono Boost)  
  65  8:08  Probe (Chrono Boost)  
  65  8:10  Sentry  
  65  8:11  Probe (Chrono Boost)  
  69  8:13  Probe (Chrono Boost)  
  70  8:26  Zealot x2  
  70  8:27  Zealot  
  76  8:28  Probe x3  
  79  8:40  Probe x2  
  81  8:51  Probe  
  81  8:52  Probe x2  
  77  9:02  Zealot x3  
  80  9:03  Zealot  
Show
View Real Time Build Order
Export as new Build Order

wabbajack Zerg 

Build Orders: Hatch First 

Get SALT Encoding   

  12  0:01  Drone  
  13  0:13  Overlord  
  13  0:17  Drone  
  14  0:23  Extractor  
  14  0:24  Drone  
  15  0:33  Drone  
  16  0:38  Drone  
  17  1:09  Hatchery  
  16  1:16  Spawning Pool  
  15  1:18  Drone, Extractor  
  15  1:20  Drone  
  15  1:23  Drone  
  17  1:34  Drone  
  18  1:52  Hatchery  
  17  2:05  Zergling x2  
  17  2:07  Queen  
  20  2:08  Overlord  
  21  2:35  Roach Warren  
  20  2:39  Extractor  
  20  2:43  Queen  
  21  2:50  Drone  
  21  2:51  Drone x2  
  24  3:17  Overlord x2  
  24  3:31  Roach  
  24  3:32  Roach x5  
  37  3:41  Drone x2  
  38  3:49  Drone  
  38  3:50  Drone  
  38  3:55  Baneling Nest  
  39  4:00  Drone  
  40  4:08  Pneumatized Carapace  
  40  4:16  Zergling x2  
  41  4:18  Zergling x2  
  44  4:24  Roach x2  
  44  4:25  Roach x2  
  50  4:32  Overlord  
  50  4:36  Overlord  
  50  4:43  Metabolic Boost  
  46  5:17  Hatchery  
  46  5:20  Drone x3  
  48  5:25  Baneling x2  
  49  5:28  Zergling x4  
  42  5:43  Zergling x4  
  42  5:44  Zergling x2  
  42  5:45  Baneling  
  45  5:56  Ravager  
  46  6:06  Zergling x2  
  46  6:07  Zergling x12  
  51  6:29  Baneling  
  30  7:11  Queen  
  30  7:12  Drone x6  
  30  7:13  Drone x11  
  47  7:22  Lair  
  45  7:32  Zergling x6  
  45  7:35  Zergling x2  
  49  7:37  Zergling x2  
  49  7:39  Zergling x2  
  51  8:16  Baneling x2  
  51  8:18  Baneling  
  51  8:19  Baneling  
  49  8:23  Roach, Zergling x2  
  49  8:24  Roach x11  
  49  8:25  Roach  
Tags
 
Add a new tag
Caveats
  • Supply blocks, unpowered buildings, or Contaminate may cause inaccurate times.
  • Supply counts are checked every 10 seconds.